 Dungeon Crawl Stone Soup version 0.29.1-2-gbd0b4ee654 (webtiles) character file.

Game seed: 628546305903879882

59 GorkyZ the Trooper (level 3, -2/29 HPs)
             Began as a Demonspawn Fighter on Nov 19, 2022.
             Killed by divine providence
             ... invoked by an orc priest
              (11 damage)
             ... on level 2 of the Dungeon.
             The game lasted 00:03:53 (1556 turns).

GorkyZ the Trooper (Demonspawn Fighter)             Turns: 1556, Time: 00:03:54

Health: -2/29      AC:  6    Str: 18    XL:     3   Next: 78%
Magic:  3/3        EV:  9    Int: 11    God:
Gold:   110        SH:  4    Dex: 12    Spells: 2/2 levels left

rFire   . . .      SeeInvis .   m - +0 spear
rCold   . . .      Faith    .   c - +0 buckler
rNeg    . . .      Spirit   .   b - +0 scale mail
rPois   .          Reflect  .   (no helmet)
rElec   .          Harm     .   (no cloak)
rCorr   .          Rampage  .   (no gloves)
Will    .....                   (no boots)
Stlth   ..........              (no amulet)
HPRegen 0.09/turn               (no ring)
MPRegen 0.08/turn               (no ring)

@: no status effects
A: big brain 1
a: no special abilities


You were on level 2 of the Dungeon.
You visited 1 branch of the dungeon, and saw 2 of its levels.

You collected 110 gold pieces.

Inventory:

Hand Weapons
 a - a +0 trident
 m - a +0 spear (weapon)
Armour
 b - a +0 scale mail (worn)
 c - a +0 buckler (worn)
Scrolls
 f - a scroll of noise
Potions
 d - a potion of might
 e - 2 potions of degeneration


   Skills:
 + Level 3.4 Fighting
 + Level 2.3 Polearms
 + Level 1.1 Throwing
 + Level 3.1 Armour
 + Level 3.1 Shields


You had 2 spell levels left.
You didn't know any spells.
Your spell library was empty.

Dungeon Overview and Level Annotations

Branches:
Dungeon (2/15)

Altars:


Innate Abilities, Weirdness & Mutations

You have an unusually large brain. (Int +2)


Message History

A goblin comes into view. It is wielding a +0 dagger.
The orc hits you but does no damage.
You barely miss the orc.
The goblin shouts!
You block the orc's attack.
You hit the orc.
The orc is heavily wounded.
You block the orc's attack.
You completely miss the orc.
The orc is heavily wounded.
You block the orc's attack.
The orc priest miscasts a cantrip.
You barely miss the orc.
The orc is heavily wounded.
The orc hits you with a +0 mace.
You hit the orc.
The orc is heavily wounded.
The orc hits you with a +0 mace.
You barely miss the orc.
The orc is heavily wounded.
The orc priest calls down the wrath of Beogh upon you.
Beogh smites you! The orc hits you but does no damage.
You are too injured to fight recklessly!
You are too injured to fight recklessly!
You are too injured to fight recklessly!
You are too injured to fight recklessly!
You are too injured to fight recklessly!
You are too injured to fight recklessly!
You are too injured to fight recklessly!
You are too injured to fight recklessly!
You are too injured to fight recklessly!
You are too injured to fight recklessly!
You hit the orc.
The orc is heavily wounded.
The orc hits you with a +0 mace.
You hit the orc but do no damage.
The orc is heavily wounded.
The orc priest invokes the aid of Beogh against you.
Beogh smites you!
You die...

#.# #.# #.# #.# #.#
#.# #.#
####################.#
...gooo@.............#
######################


You could see an orc priest, 2 orcs and a goblin.

Vanquished Creatures
  Natasha (D:2)
  5 endoplasms (D:1)
  A giant cockroach (D:1)
  3 goblins (D:1)
  3 hobgoblins (D:1)
  3 jackals (D:1)
  3 quokkas (D:1)
  3 ball pythons (D:1)
  2 bats (D:1)
  3 frilled lizards
  A kobold (D:1)
  A rat (D:2)
29 creatures vanquished.

Notes
Turn   | Place    | Note
-------+----------+-------------------------------------------
     0 | D:1      | GorkyZ the Demonspawn Fighter began the quest for the Orb.
     0 | D:1      | Reached XP level 1. HP: 18/18 MP: 1/1
    98 | D:1      | Gained mutation: You have an unusually large brain. (Int
                  | +2) [demonic ancestry]
    98 | D:1      | Reached XP level 2. HP: 14/24 MP: 2/2
   382 | D:1      | Found a faded altar of an unknown god.
   991 | D:1      | Reached XP level 3. HP: 29/29 MP: 3/3
  1201 | D:2      | Noticed Natasha
  1212 | D:2      | Killed Natasha
  1213 | D:2      | Reached skill level 1 in Throwing
  1556 | D:2      | Killed from afar by an orc priest

Illustrated notes

Levels and vault maps discovered:
D:1:      co_arrival_random_square_maze, layout_rooms,
          nicolae_ecumenical_snake_handling
D:2:      layout_basic, uniq_natasha

Skill      XL: |  1  2  3 |
---------------+----------+-----
Polearms       | 2 |  2.3
Armour         | 3 |  3.1
Shields        | 3 |  3.1
Throwing       | 1 |  1.1
Fighting       | |  3.4

Action                   || total
-------------------------++-------
Melee: Trident           ||    67
       Spear             ||    37
  Use: Scroll            ||     5
       Potion            ||     3
Armor: Scale mail        ||    25
Dodge: Dodged            ||    26
Block: Buckler           ||    15
